 Dungeon Crawl Stone Soup version 0.30.1-4-g462c640d31 (webtiles) character file.

Game seed: 17813050545873697880

10983 Babbit the Carver (level 11, -4/97 HPs)
             Began as a Minotaur Fighter on Aug 14, 2023.
             Was a High Priest of Okawaru.
             Shot with a bolt by a skeletal warrior (31 damage)
             ... on level 9 of the Dungeon.
             The game lasted 00:36:28 (8014 turns).

Babbit the Carver (Minotaur Fighter)                Turns: 8014, Time: 00:36:29

Health: -4/97      AC: 14    Str: 26    XL:     11   Next: 43%
Magic:  10/10      EV: 12    Int:  5    God:    Okawaru [*****.]
Gold:   477        SH:  7    Dex:  9    Spells: 10/10 levels left

rFire   + + .        y - +11 Singing Sword {sonic wave}
rCold   . . .        c - +2 buckler
rNeg    . . .        g - +3 ring mail {rPois}
rPois   +            (helmet restricted)
rElec   .            B - +0 cloak
rCorr   .            z - +0 pair of gloves
SInv    .            o - +0 pair of boots of Lemojel {rF+}
Will    .....        A - amulet of magic regeneration
Stlth   +            k - ring of protection from cold
HPRegen 0.36/turn    D - ring of fire
MPRegen 0.52/turn

%: no passive effects
@: no status effects
A: horns 2, retaliatory headbutt
a: Renounce Religion, Heroism, Finesse, Duel


You were on level 9 of the Dungeon.
You worshipped Okawaru.
Okawaru was extremely pleased with you.
You visited 2 branches of the dungeon, and saw 10 of its levels.
You also visited: Ossuary.

You collected 477 gold pieces.

Inventory:

Hand Weapons
 a - a +0 war axe
 y - the +11 Singing Sword (weapon) {sonic wave}
   (You found it on level 5 of the Dungeon)
Missiles
 u - 2 boomerangs (quivered)
Armour
 c - a +2 buckler (worn)
 g - a +3 ring mail of poison resistance (worn)
 o - the +0 pair of boots of Lemojel (worn) {rF+}
   (You found it on level 3 of the Dungeon)

   rF:        It protects you from fire.
 z - a +0 pair of gloves (worn)
 B - a +0 cloak (worn)
 C - a +1 ring mail of willpower
Jewellery
 k - a ring of protection from cold (left hand)
 A - an amulet of magic regeneration (around neck)
 D - a ring of fire (right hand)
 G - a +6 ring of intelligence
 H - a ring of positive energy
Wands
 m - a wand of flame (33)
 q - a wand of charming (1)
 I - a wand of roots (5)
Scrolls
 b - a scroll of immolation {unknown}
 f - a scroll of butterflies
 j - 3 scrolls of fog
 p - a scroll of poison {unknown}
 r - 2 scrolls of teleportation
 s - a scroll of fear {unknown}
 t - 2 scrolls of enchant weapon {unknown}
 w - 2 scrolls of enchant armour
 x - 3 scrolls of amnesia
 E - a scroll of magic mapping {unknown}
 F - a scroll of torment {unknown}
 L - a scroll of acquirement {unknown}
 O - a scroll of blinking {unknown}
Potions
 d - a potion of might
 e - 6 potions of curing
 h - a potion of heal wounds
 i - a potion of berserk rage {unknown}
 l - a potion of brilliance {unknown}
 n - 2 potions of flight
 v - 4 potions of haste
 K - a potion of resistance {unknown}
 M - a potion of attraction {unknown}
 N - 2 potions of ambrosia {unknown}


   Skills:
 + Level 9.2 Fighting
 + Level 13.1 Long Blades
 + Level 9.3 Axes
 + Level 3.2 Throwing
 + Level 8.5 Armour
 + Level 4.4 Dodging
 + Level 1.5 Stealth
 + Level 6.9 Shields
 + Level 1.3 Evocations


You had 10 spell levels left.
You didn't know any spells.
Your spell library contained the following spells:

 Spells                   Type           Power      Damage    Failure   Level
 Apportation              Tloc           0%         N/A       65%         1
 Necrotise                Necr           0%         1d4       65%         1
 Blink                    Tloc           0%         N/A       78%         2
 Lesser Beckoning         Tloc           0%         N/A       78%         2
 Momentum Strike          Conj/Tloc      0%         3d8       78%         2
 Dazzling Flash           Conj/Hex       0%         N/A       95%         3
 Volatile Blastmotes      Fire/Tloc      0%         2d10      95%         3
 Iskenderun's Mystic Bla  Conj/Tloc      0%         2d3       100%        4
 Starburst                Conj/Fire      0%         6d3       100%        6
 Chain Lightning          Conj/Air       0%         N/A       100%        9
 Fire Storm               Conj/Fire      0%         5d1       100%        9
 Shatter                  Erth           0%         3d5*      100%        9
 Summon Small Mammal      Summ           Unusable   N/A       N/A         1

Dungeon Overview and Level Annotations

Branches:
Dungeon (9/15)             Temple (1/1) D:5         Ossuary (visited)
   Lair: D:8-11         Orc: D:9-12

Altars:
Ashenzari
Cheibriados
Dithmenos
Elyvilon
Fedhas
Gozag
Hepliaklqana
Kikubaaqudgha
Makhleb
Nemelex Xobeh
Okawaru
Qazlal
Ru
Trog
Uskayaw
Vehumet
Wu Jian
Xom
Yredelemnul
Zin
The Shining One

Shops:
D:1 *   D:8 ?=


Innate Abilities, Weirdness & Mutations

You have a pair of horns on your head.
You reflexively headbutt those who attack you in melee.


Message History

The skeletal warrior hits you with a +0 scimitar!
A cyclops comes into view.
You hit the skeletal warrior but do no damage.
The Singing Sword shouts, "I'll make piano strings from your guts!"
You send a blast of sound all around you.
The cyclops is heavily wounded.
The skeletal warrior is almost destroyed. x2
You hear a shout! x2; You hear an angry hiss.
The skeletal warrior hits you with a +0 scimitar!!
You barely miss the skeletal warrior.
The skeletal warrior is almost destroyed.
The cyclops throws a large rock.
The large rock misses you.
A yak comes into view.
The skeletal warrior closely misses you.
You furiously retaliate!
You headbutt the skeletal warrior.
The yak bellows!
You hit the skeletal warrior.
Your headbutt misses the skeletal warrior.
The skeletal warrior is almost destroyed.
You hit the skeletal warrior but do no damage.
The skeletal warrior is almost destroyed.
The skeletal warrior hits you with a +0 scimitar.
You hit the skeletal warrior but do no damage.
The skeletal warrior is almost destroyed.
The skeletal warrior hits you with a +0 scimitar!!
You barely miss the skeletal warrior.
Your headbutt misses the skeletal warrior.
The skeletal warrior is almost destroyed.
The skeletal warrior hits you with a +0 scimitar!!
* * * LOW HITPOINT WARNING * * *
You feel much better.
The skeletal warrior hits you with a +0 scimitar.
The skeletal warrior attacks as you move away!
The skeletal warrior hits you with a +0 scimitar!
* * * LOW HITPOINT WARNING * * *
The skeletal warrior unwields a +0 scimitar.
The skeletal warrior wields the +6 hand crossbow "Jateicy" {drain, Drain Will+ Stlth+}.
You sense an unholy aura.
The skeletal warrior shoots a bolt.
The bolt hits you!!
You die...

...)....#..# .....
..)))...#######....
..)###.)#.$#..#..#
.)..#......#...[..
.#..#$.#..###..#
.#######....[..####
. #....†..#..# .
#.....###.....# . .
##.....#....@###....
.
.....#./#..#.(Y..C.#
#
.....#######))z⌠...#
...... #.......#
.###.. ...###[†..
..... .... ...#..#
#.. ....#### ..
###..


You could see a skeletal warrior, a cyclops and a yak.

Vanquished Creatures
  3 two-headed ogres
  Pikel (D:9)
  A manticore (D:9)
  An ugly thing (D:9)
  A cyclops (D:9)
  Joseph (D:8)
  Maggie (D:8)
  A komodo dragon (D:9)
  3 hornets
  A troll (D:9)
  A tarantella (shapeshifter) (D:9)
  A shadow (D:9)
  Grum (D:8)
  A yak (D:9)
  2 wyverns (D:9)
  A steam dragon (D:9)
  2 acid dragons
  2 water moccasins
  An orc warrior (D:9)
  3 ice beasts
  A sky beast (D:8)
  2 black bears
  2 wolves (D:8)
  5 centaurs
  2 ogres
  2 phantoms
  3 kobold brigands
  4 bullfrogs
  A gnoll sergeant (D:9)
  4 scorpions (D:5)
  8 wights
  11 killer bees
  2 electric eels (D:8)
  4 howler monkeys
  2 centaur zombies (Ossuary)
  A crimson imp (D:8)
  A human zombie (Ossuary)
  3 jellies
  4 orc priests
  2 hounds
  3 sleepcaps
  7 iguanas
  Ijyb (D:4)
  4 orc wizards
  2 hound zombies (Ossuary)
  4 mummies
  6 gnolls
  8 adders
  A shadow imp (D:4)
  An ufetubus (D:6)
  5 adder zombies (Ossuary)
  A worm (D:2)
  A dart slug (D:5)
  24 orcs
  3 ball pythons
  9 endoplasms
  8 goblins
  7 hobgoblins
  9 jackals
  2 quokkas
  10 bats
  2 frilled lizards
  A gnoll zombie (Ossuary)
  3 goblin zombies (Ossuary)
  2 hobgoblin zombies (Ossuary)
  3 jackal zombies (Ossuary)
  21 kobolds
  4 kobold zombies (Ossuary)
  3 orc zombies (Ossuary)
  3 quokka zombies (Ossuary)
  A rat (D:1)
  7 rat zombies (Ossuary)
259 creatures vanquished.

Vanquished Creatures (others)
  An orc wizard (D:4)
  An orc (D:9)
2 creatures vanquished.

Grand Total: 261 creatures vanquished

Notes
Turn   | Place    | Note
-------+----------+-------------------------------------------
     0 | D:1      | Babbit the Minotaur Fighter began the quest for the Orb.
     0 | D:1      | Reached XP level 1. HP: 19/19 MP: 0/0
   229 | D:1      | Reached XP level 2. HP: 27/27 MP: 1/1
   304 | D:1      | Found Tobuh's Assorted Antiques.
   705 | D:2      | Found a faded altar of an unknown god.
   749 | D:2      | Reached XP level 3. HP: 24/33 MP: 2/2
  1478 | D:3      | Reached XP level 4. HP: 35/40 MP: 3/3
  1501 | D:3      | Found a sparkling altar of Nemelex Xobeh.
  1569 | D:3      | Identified the +0 pair of boots of Lemojel {rF+}
  1628 | D:3      | Found an ornate altar of the Wu Jian Council.
  1936 | D:4      | Noticed Ijyb
  1970 | D:4      | Killed Ijyb
  2049 | D:4      | Noticed a black bear
  2054 | D:4      | Killed a black bear
  2055 | D:4      | Reached skill level 5 in Axes
  2055 | D:4      | Reached skill level 1 in Dodging
  2055 | D:4      | Reached XP level 5. HP: 39/47 MP: 4/4
  2089 | D:4      | Noticed a phantom
  2099 | D:4      | Killed a phantom
  2100 | D:4      | Reached XP level 6. HP: 53/53 MP: 5/5
  2325 | D:4      | Found a stormy altar of Qazlal.
  2325 | D:4      | Found a radiant altar of Vehumet.
  2333 | D:4      | Found a sacrificial altar of Ru.
  2335 | D:4      | Found a glowing silver altar of Zin.
  2337 | D:4      | Found a bloodstained altar of Trog.
  2420 | D:4      | Reached skill level 5 in Fighting
  2690 | D:5      | Entered Level 5 of the Dungeon
  2769 | D:5      | Reached skill level 1 in Evocations
  2847 | D:5      | Reached XP level 7. HP: 61/61 MP: 6/6
  3131 | D:5      | Reached skill level 5 in Armour
  3178 | D:5      | Found a hazy altar of Hepliaklqana.
  3374 | D:5      | Reached skill level 1 in Throwing
  3423 | D:5      | Found a staircase to the Ecumenical Temple.
  3439 | Temple   | Entered the Ecumenical Temple
  3488 | D:5      | Reached XP level 8. HP: 67/70 MP: 7/7
  3616 | D:5      | Reached skill level 5 in Shields
  3633 | D:5      | Found the +11 Singing Sword {sonic wave}
  3918 | D:6      | Found a broken altar of Ashenzari.
  3984 | D:6      | Reached skill level 1 in Long Blades
  4069 | D:6      | Reached skill level 2 in Long Blades
  4136 | D:6      | Reached skill level 3 in Long Blades
  4143 | D:6      | Reached skill level 4 in Long Blades
  4216 | D:6      | Reached skill level 5 in Long Blades
  4487 | D:7      | Reached XP level 9. HP: 78/78 MP: 8/8
  4494 | D:7      | Found an iron altar of Okawaru.
  4502 | D:7      | Became a worshipper of Warmaster Okawaru
  4593 | D:7      | Reached skill level 6 in Long Blades
  4887 | D:7      | Reached * piety under Okawaru
  4888 | D:7      | Reached skill level 7 in Long Blades
  5149 | D:7      | Found a sand-covered staircase.
  5157 | Ossuary  | Entered an ossuary
  5183 | Ossuary  | Reached skill level 8 in Long Blades
  5889 | D:8      | Found a shimmering altar of Xom.
  5889 | D:8      | Found a shimmering altar of Xom.
  5889 | D:8      | Found a shimmering altar of Xom.
  5889 | D:8      | Found a shimmering altar of Xom.
  5889 | D:8      | Found a shimmering altar of Xom.
  5890 | D:8      | Found a shimmering altar of Xom.
  5891 | D:8      | Found a shimmering altar of Xom.
  5892 | D:8      | Found a shimmering altar of Xom.
  5964 | D:8      | Noticed a troll
  5964 | D:8      | Noticed a rime drake
  5993 | D:8      | Noticed Joseph
  6000 | D:8      | Killed Joseph
  6000 | D:8      | Reached ** piety under Okawaru
  6001 | D:8      | Reached skill level 9 in Long Blades
  6113 | D:8      | Noticed Maggie
  6118 | D:8      | Killed Maggie
  6119 | D:8      | Reached XP level 10. HP: 83/88 MP: 9/9
  6130 | D:8      | Reached skill level 1 in Stealth
  6250 | D:8      | Found a glowing golden altar of the Shining One.
  6451 | D:8      | Found a burning altar of Makhleb.
  6510 | D:8      | Noticed a two-headed ogre
  6515 | D:8      | Killed a two-headed ogre
  6515 | D:8      | Reached *** piety under Okawaru
  6516 | D:8      | Reached skill level 10 in Long Blades
  6636 | D:8      | Found Beysh's One-of-a-Kind Rings.
  7253 | D:8      | Noticed Grum
  7257 | D:8      | Reached skill level 11 in Long Blades
  7261 | D:8      | Killed Grum
  7386 | D:8      | Found Oronot's Magic Scroll Boutique.
  7565 | D:9      | Noticed a two-headed ogre
  7573 | D:9      | Killed a two-headed ogre
  7573 | D:9      | Reached **** piety under Okawaru
  7667 | D:9      | Reached skill level 12 in Long Blades
  7768 | D:9      | Noticed a manticore
  7775 | D:9      | Reached XP level 11. HP: 45/95 MP: 10/10
  7777 | D:9      | Noticed a two-headed ogre
  7788 | D:9      | Killed a two-headed ogre
  7794 | D:9      | Reached ***** piety under Okawaru
  7993 | D:9      | Noticed Pikel
  7995 | D:9      | Noticed a white ugly thing
  7999 | D:9      | Killed Pikel
  7999 | D:9      | Identified the +6 hand crossbow "Jateicy" {drain, Drain
                  | Will+ Stlth+}
  7999 | D:9      | Noticed a skeletal warrior
  8000 | D:9      | Reached skill level 13 in Long Blades
  8005 | D:9      | Killed a white ugly thing
  8005 | D:9      | Received a gift from Okawaru
  8014 | D:9      | Shot with a bolt by a skeletal warrior

Illustrated notes

Levels and vault maps discovered:
D:1:      lightli_arrival_windingriver, layout_basic, serial_shops,
          nicolae_shop_trees
D:2:      layout_loops_ring, hellmonk_ecumenical_altar_run_dry
D:3:      layout_rooms, nicolae_wu_jian_wuxing_cycle,
          nemelex_xobeh_ov_fountains_minmay
D:4:      layout_loops_ring, chequers_temple_overflow_minitemple,
          minmay_misc_feat_four_crosses, st_stairs_6,
          nicolae_kite_square_tiling_tiny, grunt_ministairs_6, uniq_ijyb
D:5:      old_forge, layout_basic, worldfamousw_hep_ancestral_shrine,
          minmay_temple_entry_statues_pillars, kennysheep_cross_room,
          chequers_serial_rivers_room_a
D:6:      layout_cave_pools, mainiacjoe_overflow_tiny_flanked
D:7:      layout_basic, kennysheep_okawaru_gauntlet, gup_ossuary_entry_pyramid
D:8:      layout_loops_corners, mainiacjoe_overflow_cross_hatched,
          xom_shifter_show, makhleb_grotto_becter, serial_shops,
          nicolae_shop_stone, nicolae_concentric_dashed_squares_mild,
          nicolae_shop_unique_rings, serial_bayou_pond_b,
          hangedman_abyss_or_decor_slice, uniq_joseph, uniq_maggie, uniq_grum
D:9:      hangedman_cross_cluster, layout_layer_cave, lemuel_tele_altar,
          uniq_pikel, uniq_gastronok, uniq_harold
Temple:   hellmonk_temple_rainy

Skill      XL: |  1  2  3  4  5  6  7  8  9 10 11 |
---------------+----------------------------------+-----
Shields        | 4 5 6 |  6.9
Fighting       | 4 5 6 7 8 9 |  9.2
Axes           | 3 4 5 6 8 9 |  9.3
Armour         | 4 5 6 7 8 |  8.5
Dodging        | 1 2 3 4 |  4.4
Evocations     | 1 |  1.3
Throwing       | 1 2 3 |  3.2
Long Blades    | 5 9 12 13 | 13.1
Stealth        | 1 |  1.5

Action                     |  1- 3 |  4- 6 |  7- 9 | 10-12 || total
---------------------------+-------+-------+-------+-------++-------
  Melee: War axe           |    61 |    92 |    79 |       ||   232
         Headbutt          |     7 |     8 |    30 |    17 ||    62
         Double sword      |       |       |   147 |   122 ||   269
  Throw: Boomerang         |       |     1 |    12 |    15 ||    28
  Evoke: Wand              |       |     7 |     5 |       ||    12
    Use: Scroll            |     3 |     2 |     4 |     3 ||    12
         Potion            |       |       |     1 |     2 ||     3
 Armour: Scale mail        |     8 |       |       |       ||     8
         Ring mail         |    13 |    42 |    97 |    45 ||   197
  Dodge: Dodged            |    41 |    52 |   117 |    62 ||   272
  Block: Buckler           |    15 |    28 |    76 |    34 ||   153
